 Dungeon Crawl Stone Soup version 0.29.0-11-gd7f09526c8 (webtiles) character file.

Game seed: 4013308147302642659

99 themarg the Chopper (level 4, -1/34 HPs)
             Began as a Gnoll Wanderer on Sept 2, 2022.
             Slain by a mummy (10 damage)
             ... on level 4 of the Dungeon.
             The game lasted 00:05:55 (2936 turns).

themarg the Chopper (Gnoll Wanderer)                Turns: 2936, Time: 00:05:56

Health: -1/34      AC:  3    Str: 15    XL:     4   Next: 72%
Magic:  7/8        EV: 11    Int:  8    God:
Gold:   187        SH:  0    Dex: 13    Spells: 8/9 levels left

rFire   . . .      SeeInvis .   g - +1 dagger (speed)
rCold   . . .      Faith    .   (no shield)
rNeg    . . .      Spirit   .   d - +0 leather armour
rPois   .          Reflect  .   (no helmet)
rElec   .          Harm     .   (no cloak)
rCorr   .          Rampage  .   (no gloves)
Will    .....                   (no boots)
Stlth   +.........              (no amulet)
HPRegen 0.11/turn               (no ring)
MPRegen 0.11/turn               (no ring)

@: no status effects
A: fangs 1, strong nose, distributed training
a: no special abilities


You were on level 4 of the Dungeon.
You visited 1 branch of the dungeon, and saw 4 of its levels.

You collected 187 gold pieces.

Inventory:

Hand Weapons
 g - a +1 dagger of speed (weapon)
 o - a +2 flail of protection
Missiles
 r - 9 poisoned darts
Armour
 d - a +0 leather armour (worn)
 u - a +0 pair of gloves
Wands
 b - a wand of polymorph (7)
 l - a wand of flame (22)
Scrolls
 a - a scroll of amnesia {unknown}
 c - a scroll of blinking
 e - a scroll of immolation {unknown}
 h - 4 scrolls of identify {unknown}
 j - 2 scrolls of teleportation {unknown}
 k - a scroll of torment {unknown}
 p - a scroll of poison {unknown}
Potions
 f - a potion of haste {unknown}
 i - a potion of degeneration {unknown}
 m - 2 potions of curing {unknown}
 n - a potion of heal wounds {unknown}
 q - a potion of flight {unknown}
 s - a potion of cancellation {unknown}
 t - a potion of attraction {unknown}


   Skills:
 + Level 2.8 Fighting
 + Level 1.2 Short Blades
 + Level 1.2 Long Blades
 + Level 6.6 Axes
 + Level 1.2 Maces & Flails
 + Level 1.2 Polearms
 + Level 1.2 Staves
 + Level 1.2 Ranged Weapons
 + Level 2.8 Throwing
 + Level 1.2 Armour
 + Level 1.2 Dodging
 + Level 1.2 Stealth
 + Level 1.2 Shields
 + Level 1.2 Unarmed Combat
 + Level 3.0 Spellcasting
 + Level 1.0 Conjurations
 + Level 1.0 Hexes
 + Level 1.0 Summonings
 + Level 1.0 Necromancy
 + Level 1.0 Translocations
 + Level 1.0 Transmutations
 + Level 1.0 Fire Magic
 + Level 1.0 Ice Magic
 + Level 1.0 Air Magic
 + Level 3.9 Earth Magic
 + Level 1.0 Poison Magic
 + Level 2.9 Invocations
 + Level 2.8 Evocations


You had 8 spell levels left.
You knew the following spells:

 Your Spells              Type           Power      Damage    Failure   Level
a - Sandblast             Erth           14%        2d6       8%          1

Your spell library contained the following spells:

 Spells                   Type           Power      Damage    Failure   Level
 Stone Arrow              Conj/Erth      10%        3d7       38%         3
 Animate Armour           Summ/Erth      10%        N/A       80%         4


Dungeon Overview and Level Annotations

Branches:
Dungeon (4/15)
 Temple: D:4-7

Altars:

Portals:
Ossuary: D:4


Innate Abilities, Weirdness & Mutations

You have very sharp teeth.
Your uncanny sense of smell can sniff out nearby items.
Your experience applies equally to all skills.


Message History

You kill the endoplasm!
A quokka comes into view.
The quokka moves out of view.
You see here a +0 pair of gloves.
u - a +0 pair of gloves You hit the quokka.
The quokka is almost dead.
The quokka bites you but does no damage.
You closely miss the quokka. Your punch misses the quokka.
The quokka is almost dead.
The quokka twitches its whiskers.
The quokka misses you.
You hit the quokka.
You kill the quokka!
You see here a quokka corpse.
You open the door.
A mummy comes into view.
Found a sand-covered staircase.
Found a short sword.
There is an open door here.
You hit the mummy.
The mummy is lightly damaged.
The mummy hits you!
You hit the mummy. You punch the mummy. Your bite misses the mummy.
The mummy is moderately damaged.
You hit the mummy but do no damage.
The mummy is moderately damaged.
You hit the mummy but do no damage.
The mummy is moderately damaged.
The mummy hits you!
* * * LOW HITPOINT WARNING * * *
Casting: Sandblast (safe; 8% risk of failure)
Confirm with . or Enter, or press ? or * to list all spells.
Aiming: Sandblast (safe; 8% risk of failure)
Press: ? - help, Shift-Dir - straight line, f - mummy
Aim: a mummy (moderately damaged, 91% to hit)
The blast of sand hits the mummy.
The mummy is moderately damaged.
The mummy hits you!
You die...

.... #.......
#..####....).. ...
#............
....##..##......#.
#..#....##†...<..
###...............
##∩##..............
##.M.##..#...##.....
#..@..##......#.....
.#####'#####...........
........................
...#.........##..####...
.........#.##....# #...
............# ...##
............. ...
.............. ....
)#.#........... ...∆


You could see a mummy.

Vanquished Creatures
  3 adders
  3 worms
  5 dart slugs
  3 orcs (D:3)
  4 endoplasms
  3 giant cockroaches
  5 goblins
  8 kobolds
  3 quokkas
  6 ball pythons
  2 bats
  2 frilled lizards
  5 rats
52 creatures vanquished.

Notes
Turn   | Place    | Note
-------+----------+-------------------------------------------
     0 | D:1      | themarg the Gnoll Wanderer began the quest for the Orb.
     0 | D:1      | themarg set off with the following items: a +0 hand axe, a
                  | wand of polymorph (7), a scroll of blinking, a +0 leather
                  | armour; and the following spell memorised: Sandblast; and
                  | the following spells available to memorise: Stone Arrow,
                  | Animate Armour.
     0 | D:1      | Reached XP level 1. HP: 17/17 MP: 4/4
   250 | D:1      | Reached XP level 2. HP: 23/23 MP: 3/5
   547 | D:1      | Found a faded altar of an unknown god.
   550 | D:1      | You fall into a shaft and drop 1 floor!
   565 | D:2      | Reached XP level 3. HP: 17/28 MP: 1/7
  1391 | D:2      | Reached skill level 1 in Short Blades
  1391 | D:2      | Reached skill level 1 in Long Blades
  1391 | D:2      | Reached skill level 1 in Maces & Flails
  1391 | D:2      | Reached skill level 1 in Polearms
  1391 | D:2      | Reached skill level 1 in Staves
  1391 | D:2      | Reached skill level 1 in Ranged Weapons
  1391 | D:2      | Reached skill level 1 in Armour
  1391 | D:2      | Reached skill level 1 in Dodging
  1391 | D:2      | Reached skill level 1 in Stealth
  1391 | D:2      | Reached skill level 1 in Shields
  1391 | D:2      | Reached skill level 1 in Unarmed Combat
  1638 | D:2      | Reached XP level 4. HP: 34/34 MP: 5/8
  2162 | D:3      | Reached skill level 1 in Conjurations
  2162 | D:3      | Reached skill level 1 in Hexes
  2162 | D:3      | Reached skill level 1 in Summonings
  2162 | D:3      | Reached skill level 1 in Necromancy
  2162 | D:3      | Reached skill level 1 in Translocations
  2162 | D:3      | Reached skill level 1 in Transmutations
  2162 | D:3      | Reached skill level 1 in Fire Magic
  2162 | D:3      | Reached skill level 1 in Ice Magic
  2162 | D:3      | Reached skill level 1 in Air Magic
  2162 | D:3      | Reached skill level 1 in Poison Magic
  2929 | D:4      | Found a sand-covered staircase.
  2936 | D:4      | Slain by a mummy

Illustrated notes

Levels and vault maps discovered:
D:1:      minmay_arrival_stone_box, layout_loops_ring,
          hellmonk_ecumenical_altar_run_dry, roderic_roman_lattice
D:2:      layout_rooms
D:3:      layout_basic, kennysheep_cross_room, moated_statue
D:4:      layout_cave_pools, gup_ossuary_entry_pyramid, uniq_crazy_yiuf_cottage

Skill      XL: |  1  2  3  4 |
---------------+-------------+-----
Short Blades   | 1 |  1.2
Long Blades    | 1 |  1.2
Maces & Flails | 1 |  1.2
Polearms       | 1 |  1.2
Staves         | 1 |  1.2
Ranged Weapons | 1 |  1.2
Armour         | 1 |  1.2
Dodging        | 1 |  1.2
Stealth        | 1 |  1.2
Shields        | 1 |  1.2
Unarmed Combat | 1 |  1.2
Spellcasting   | 3 |  3.0
Conjurations   | 1 |  1.0
Hexes          | 1 |  1.0
Summonings     | 1 |  1.0
Necromancy     | 1 |  1.0
Translocations | 1 |  1.0
Transmutations | 1 |  1.0
Fire Magic     | 1 |  1.0
Ice Magic      | 1 |  1.0
Air Magic      | 1 |  1.0
Poison Magic   | 1 |  1.0
Fighting       | |  2.8
Axes           | |  6.6
Throwing       | |  2.8
Earth Magic    | |  3.9
Invocations    | |  2.9
Evocations     | |  2.8

Action                   |  1- 3 |  4- 6 || total
-------------------------+-------+-------++-------
Melee: Hand axe          |    26 |       ||    26
       Bite              |     6 |     7 ||    13
       Dagger            |    22 |    78 ||   100
       Punch             |     1 |     2 ||     3
 Cast: Sandblast         |    35 |    20 ||    55
 Stab: Sleeping          |     1 |       ||     1
Armor: Leather armour    |    10 |     7 ||    17
Dodge: Dodged            |    18 |    27 ||    45
